 Dungeon Crawl Stone Soup version 0.19-GnollCrawlA-1-g03664ee (webtiles) character file.

1148 PurpleRed the Sneak (level 1, -1/9 HPs)
             Began as a Spriggan Conjurer on Aug 31, 2016.
             Was a Priest of Ashenzari.
             Slain by a gnoll
             ... wielding a +0 halberd
              (10 damage)
             ... on level 10 of the Dungeon.
             The game lasted 00:52:08 (9829 turns).

PurpleRed the Sneak (Spriggan Conjurer)             Turns: 9829, Time: 00:52:09

Health: -1/9       AC:  3    Str:  9    XL:     1   Next: 0%
Magic:  2/5        EV: 18    Int: 16    God:    Ashenzari [***...]
Gold:   659        SH:  0    Dex: 16    Spells: 2 memorised, 3 levels left

rFire  . . .     SeeInvis +     H - staff of conjuration
rCold  . . .     Gourm    .     a - +1 robe
rNeg   . . .     Faith    .     (shield currently unavailable)
rPois  .         Spirit   .     (helmet restricted)
rElec  .         Dismiss  .     (no cloak)
rCorr  .         Reflect  .     (gloves unavailable)
SustAt .         Harm     .     (boots unavailable)
MR     .....                    e - amulet of magic regeneration (curse)
Stlth  +++.......               (no ring)
                                G - +5 ring of strength

@: very slightly contaminated, very quick
A: unfitting armour, see invisible, herbivore 3, speed 3, slow metabolism 2
a: Curse Item, Scrying, Renounce Religion


You were on level 10 of the Dungeon.
You worshipped Ashenzari.
Ashenzari was most pleased with you.
You were not hungry.

You visited 2 branches of the dungeon, and saw 11 of its levels.
You also visited: Sewer and Ossuary.

You collected 659 gold pieces.

Inventory:

Hand Weapons
 w - a +2 hand crossbow
 B - a +2 spear of flaming
Missiles
 v - a throwing net (quivered)
 x - 28 bolts
Armour
 a - a +1 robe (worn)
 C - a +2 buckler of reflection
Magical Staves
 H - an uncursed staff of conjuration (weapon)
Jewellery
 e - a cursed amulet of magic regeneration (around neck)
 o - an uncursed ring of fire
 F - an uncursed amulet of faith
 G - a +5 ring of strength (left hand)
Wands
 I - a wand of confusion (19/48)
 J - a wand of random effects (31/48)
 L - a wand of paralysis (19/24)
 M - a wand of confusion (19/48)
Scrolls
 q - 4 scrolls of teleportation
 s - 2 scrolls of magic mapping
 t - 3 scrolls of recharging
 y - 2 scrolls of remove curse
 z - a scroll of fog
 E - 4 scrolls of enchant armour
 K - a scroll of fear
Potions
 d - a potion of might
 g - 7 potions of curing
 h - 3 potions of lignification
 j - a potion of invisibility
 k - a potion of cure mutation
 l - 2 potions of agility {unknown}
 m - a potion of heal wounds {unknown}
 n - 5 potions of cancellation {unknown}
 r - 3 potions of brilliance
 u - 5 potions of degeneration {unknown}
 D - 2 potions of ambrosia {unknown}
Books
 b - a book of Conjurations

   Spells                             Type                      Level
   a - Magic Dart                     Conjuration                  1
   b - Searing Ray                    Conjuration                  2
   c - Dazzling Spray                 Conjuration/Hexes            3
   d - Fulminant Prism                Conjuration/Hexes            4
   e - Iskenderun's Mystic Blast      Conjuration                  4
   f - Iskenderun's Battlesphere      Conjuration/Charms           5
 A - a book of the Dragon

   Spells                             Type                      Level
   a - Flame Tongue                   Conjuration/Fire             1
   b - Cause Fear                     Hexes                        4
   c - Bolt of Fire                   Conjuration/Fire             6
   d - Dragon Form                    Transmutation                7
   e - Dragon's Call                  Summoning                    9
Comestibles
 c - 9 bread rations
 f - 10 slices of pizza
 i - a royal jelly
 p - 28 fruits


   Skills:
 + Level 3.0 Dodging
 + Level 3.0 Stealth
 + Level 2.6 Spellcasting
 + Level 2.9 Conjurations


You had 3 spell levels left.
You knew the following spells:

 Your Spells              Type           Power        Failure   Level  Hunger
a - Magic Dart            Conj           ###.         8%          1    #......
b - Flame Tongue          Conj/Fire      ##...        12%         1    #......


Dungeon Overview and Level Annotations

Branches:
Dungeon (10/15)            Temple (1/1) D:1            Lair (0/6) D:10
    Orc: D:9-12

Altars:
Ashenzari
Cheibriados
Dithmenos
Elyvilon
Fedhas
Gozag
Hepliaklqana
Kikubaaqudgha
Makhleb
Okawaru
Pakellas
Qazlal
Ru
Sif Muna
Trog
Uskayaw
Vehumet
Xom
Yredelemnul
Zin
The Shining One

Shops:
D:6 (

Annotations:
D:6 Fusentrap's ghost, weakling FoFi


Innate Abilities, Weirdness & Mutations

You are tiny and cannot use many weapons and most armour.
You have supernaturally acute eyesight. (SInv)
You are a herbivore.
You cover ground extremely quickly.
You need consume almost no food.


Message History

Aim: a gnoll, wielding a club You feel a surge of power!
The magic dart hits the gnoll.
The gnoll is moderately wounded.
Casting: Magic Dart
Confirm with . or Enter, or press ? or * to list all spells.
Aiming: Flame Tongue
Press: ? - help, Shift-Dir - straight line, f/p - gnoll
Aim: a gnoll, wielding a club (moderately wounded)
You feel a surge of power!
The flame tongue hits the gnoll.
The gnoll is almost dead.
Casting: Flame Tongue
Confirm with . or Enter, or press ? or * to list all spells.
Aiming: Flame Tongue
Press: ? - help, Shift-Dir - straight line, f/p - gnoll
Aim: a gnoll, wielding a gnoll (almost dead)
You feel a surge of power!
The flame tongue hits the gnoll.
You kill the gnoll!
The gnoll hits you from afar with a halberd!
Ouch! That really hurt!
You die...

.#########..#######..##########
......).......................#
..........)......###...###....#
##..#####..####..##.....##....#
#..# #..# #..#..P....#....#
#..# #..# #..#.....P.#....#
##..#####..####........P......#
..............................#
....)...........@....>........#
######..####..###.........#####
#..# #..# #.gP......# #..# #..#
##..P.PP.##
######..####..####....P..#
.....)...........##.....## ,
.................###...##*,,,,
##..#########.................
#..# *.................


You could see a gnoll.

Vanquished Creatures
  112 gnolls
  5 gnoll zombies (Ossuary)
  33 gnoll skeletons (Ossuary)
  A plant (D:8)
151 creatures vanquished.

Vanquished Creatures (others)
  2 plants (D:8)
2 creatures vanquished.

Grand Total: 153 creatures vanquished

Notes
Turn   | Place    | Note
-------+----------+-------------------------------------------
     0 | D:1      | PurpleRed the Spriggan Conjurer began the quest for the Orb.
     0 | D:1      | Reached XP level 1. HP: 9/9 MP: 5/5
   364 | D:1      | Found a staircase to the Ecumenical Temple.
   437 | Temple   | Entered the Ecumenical Temple
   448 | Temple   | Became a worshipper of Ashenzari the Shackled
   866 | D:2      | Found a faded altar of an unknown god.
  1981 | D:4      | Got the uncursed ring mail of the Old World {rPois rN++ Str+2 Dex-3}
  2244 | D:4      | Found a hazy altar of Hepliaklqana.
  2831 | D:5      | Entered Level 5 of the Dungeon
  3053 | D:5      | Reached * piety under Ashenzari
  3167 | D:5      | Found a glowing drain.
  3202 | Sewer    | Entered a sewer
  3423 | D:5      | Found a deep blue altar of Sif Muna.
  3933 | D:6      | Found a hide-covered altar of Uskayaw.
  4001 | D:6      | Noticed Fusentrap's ghost (weakling FoFi)
  4061 | D:6      | Learned a level 1 spell: Flame Tongue
  4154 | D:6      | Found a sand-covered staircase.
  4172 | Ossuary  | Entered an ossuary
  5244 | D:6      | Found an opulent altar of Gozag.
  5494 | D:6      | Found Efeun's Weapon Shoppe.
  5699 | D:7      | Identified a scroll of acquirement
  6239 | D:7      | Found a glowing golden altar of the Shining One.
  6239 | D:7      | Reached ** piety under Ashenzari
  6610 | D:8      | Found a hazy altar of Hepliaklqana.
  7316 | D:8      | Found a blossoming altar of Fedhas.
  8427 | D:9      | Found an oddly glowing altar of Pakellas.
  8682 | D:10     | Entered Level 10 of the Dungeon
  8846 | D:10     | Reached *** piety under Ashenzari
  9789 | D:10     | Found a staircase to the Lair.
  9829 | D:10     | Slain by a gnoll

Action                   || total
-------------------------++-------
Melee: Spear             ||    52
       Staff             ||     1
 Fire: Hand crossbow     ||    60
 Cast: Magic Dart        ||   643
       Flame Tongue      ||   159
Invok: Curse Item        ||     1
Evoke: Wand              ||     3
  Use: Scroll            ||    20
       Potion            ||     1
Armor: Robe              ||     1
Dodge: Dodged            ||    16
Block: Buckler           ||     1
